 Dungeon Crawl Stone Soup version 0.22-a0-587-g7d32d7c7ae (webtiles) character file.

107 Banto the Insei (level 4, -1/28 HPs)
             Began as an Octopode Transmuter on July 5, 2018.
             Slain by an adder (5 damage)
             ... on level 2 of the Dungeon.
             The game lasted 00:01:59 (2096 turns).

Banto the Insei (Octopode Transmuter)               Turns: 2096, Time: 00:01:59

Health: -1/28      AC:  1    Str:  9 (10) XL:     4   Next: 86%
Magic:  7/7        EV: 17    Int: 13 (15) God:
Gold:   54         SH:  0    Dex: 10 (12) Spells: 6/7 levels left

rFire    . . .     SeeInvis .     - Unarmed
rCold    . . .     Gourm    .   (no shield)
rNeg     . . .     Faith    .   (helmet restricted)
rPois    .         Spirit   .   (no amulet)
rElec    .         Reflect  .   d - +4 ring of evasion
rCorr    .         Harm     .   (no ring)
MR       .....                  (no ring)
Stlth    ++........             (no ring)
HPRegen  0.09/turn              (no ring)
MPRegen  0.10/turn              (no ring)
                                (no ring)
                                (no ring)

@: lethally poisoned (-1 -> -3)
A: almost no armour, stealthy swim, amphibious, 8 rings, constrict 8, camouflage
1, gelatinous body 1
a: no special abilities


You were on level 2 of the Dungeon.
You were not hungry.

You visited 1 branch of the dungeon, and saw 3 of its levels.

You collected 54 gold pieces.

Inventory:

Missiles
 a - 33 arrows
Jewellery
 d - a +4 ring of evasion (left tentacle)
 i - an uncursed ring of protection from magic {unknown}
Scrolls
 b - 8 scrolls of identify {unknown}
 e - a scroll of enchant armour {unknown}
 f - a scroll of fog {unknown}
 g - 2 scrolls of teleportation {unknown}
 l - 3 scrolls of remove curse {unknown}
Comestibles
 c - 5 rations


   Skills:
 - Level 1.0 Fighting
 - Level 2.0 Dodging
 + Level 4.3 Unarmed Combat
 - Level 2.0 Spellcasting
 + Level 3.7 Transmutations


You had 6 spell levels left.
You knew the following spells:

 Your Spells              Type           Power        Failure   Level  Hunger
a - Beastly Appendage     Tmut           ##....       5%          1    ##.....

Your spell library contained the following spells:

 Spells                   Type           Power        Failure   Level  Hunger
 Spider Form              Tmut/Pois      #.........   34%         3    ####...
 Blade Hands              Tmut           ##........   83%         5    ######.
 Ice Form                 Ice/Tmut       #.......     75%         4    #####..
 Sticks to Snakes         Tmut           ##......     9%          2    ###....


Dungeon Overview and Level Annotations

Branches:
Dungeon (3/15)

Altars:
Xom


Innate Abilities, Weirdness & Mutations

You cannot wear most types of armour.
You are very stealthy in the water. (Stealth+)
You are amphibious.
You can wear up to eight rings at the same time.
You can use your tentacles to constrict eight enemies at once.
Your skin changes colour to match your surroundings (Stealth+).
Your rubbery body absorbs attacks. (AC +1, EV +1)


Message History

You closely miss the adder. Your grab misses the adder.
The adder is lightly wounded.
The adder closely misses you. The frilled lizard misses you.
You tentacle-slap the adder but do no damage.
Your grab misses the adder.
The adder is lightly wounded.
The adder misses you. The frilled lizard closely misses you.
You barely miss the adder. You grab the adder.
The adder is lightly wounded.
You constrict the adder.
You feel sick. The adder completely misses you.
The frilled lizard completely misses you.
You take 1 damage, and have 4/28 hp.
You tentacle-slap the adder but do no damage.
The adder is moderately wounded.
You constrict the adder. The adder barely misses you.
The frilled lizard closely misses you. The adder misses you.
You tentacle-slap the adder.
The adder is severely wounded.
You constrict the adder. The adder bites you.
You die...

..''....#.#.##....#...##.#
..##....#.#.##.##.#.#.##.#
..##......#.##.##...#.##.#
####.....##.##.######..).#
# #.#'#.##.##.# ###### #
#.#<#....##.###### #
#<#.#######......#
#.#....# ######.# #.####.#
#@S..# #.#.##.# #l#######
#......# #...#...#
#.#.##### ###...#.#.#
###.#.#...# #....##.#.####
#.#...#.#.#
#.#...#.#.รท..#
#.#####.#.# #.###...####.#
#.......#.# #.....###....#
#.#######.######..# #.####


You could see an adder and a frilled lizard.

Vanquished Creatures
  An orc wizard (D:3)
  Terence (D:2)
  An adder (D:2)
  A worm (D:2)
  2 dart slugs (D:2)
  A leopard gecko (D:1)
  A ball python (D:1)
  A giant cockroach (D:1)
  4 goblins
  8 hobgoblins
  4 kobolds
  3 bats
  4 frilled lizards
  4 rats (D:2)
36 creatures vanquished.

Notes
Turn   | Place    | Note
-------+----------+-------------------------------------------
     0 | D:1      | Banto the Octopode Transmuter began the quest for the Orb.
     0 | D:1      | Reached XP level 1. HP: 13/13 MP: 3/3
   699 | D:1      | Reached XP level 2. HP: 18/18 MP: 5/5
  1022 | D:1      | Found a shimmering altar of Xom.
  1231 | D:2      | Reached XP level 3. HP: 15/23 MP: 6/6
  1656 | D:2      | Noticed Terence
  1665 | D:2      | Killed Terence
  1665 | D:2      | Reached skill level 4 in Unarmed Combat
  1665 | D:2      | Reached XP level 4. HP: 3/28 MP: 7/7
  1665 | D:2      | HP: 2/42 [poisoned by an adder]
  1673 | D:2      | HP: 1/42 [poisoned by an adder]
  2096 | D:2      | Slain by an adder

Vault maps used:
D:1:      minmay_arrival_four_houses, xom_teletrap_fun
D:2:      first_ration, uniq_terence
D:3:      serial_bayou, serial_bayou_lagoon_b, serial_bayou_ford_a,
          serial_bayou_pond_b, serial_bayou_lake_a, uniq_jessica

Skill      XL: |  1  2  3 |
---------------+----------+-----
Transmutations | 3 |  3.7
Unarmed Combat | 4 |  4.3
Fighting       | |  1.0
Dodging        | |  2.0
Spellcasting   | |  2.0

Action                   |  1- 3 |  4- 6 || total
-------------------------+-------+-------++-------
Melee: Unarmed           |    74 |    19 ||    93
       Constrict         |    21 |     4 ||    25
       Kick              |     3 |     2 ||     5
       Tentacles         |     6 |     4 ||    10
       Punch             |     1 |       ||     1
 Cast: Beastly Appendage |     4 |     1 ||     5
  Use: Potion            |     3 |       ||     3
 Stab: Sleeping          |     7 |       ||     7
  Eat: Chunk             |     2 |     2 ||     4
Armor: Skin              |     7 |     2 ||     9
Dodge: Dodged            |    41 |    21 ||    62

Table legend:
 A = Spawn XP
 B = Non-spawn XP
 C = Spawn XP percentage of total XP
 D = Spawn monster count
 E = Non-spawn monster count
 F = Spawn count percentage of total count
 G = Total turns spent on level
                    A         B        C        D         E        F      G
               +---------+---------+-------+---------+---------+-------+---------
         Total |       0 |     154 |   0.0 |       0 |      36 |   0.0 |  2096
               +---------+---------+-------+---------+---------+-------+---------
           D:1 |       0 |      24 |   0.0 |       0 |      13 |   0.0 |  1105
           D:2 |       0 |      86 |   0.0 |       0 |      21 |   0.0 |   970
           D:3 |       0 |      44 |   0.0 |       0 |       2 |   0.0 |    21
               +---------+---------+-------+---------+---------+-------+---------

Table legend:
 A = Turns spent in this place as a percentage of turns spent in the entire game.
 B = Non-inter-level travel turns spent in this place as a percentage of non-inter-level travel turns spent in the entire game.
 C = Inter-level travel turns spent in this place as a percentage of turns spent in this place.
 D = Turns resting spent in this place as a percentage of non-inter-level travel turns spent in this place.
 E = Turns spent auto-exploring this place as a percentage of non-inter-level travel turns spent in this place.
 F = Non-inter-level travel turns spent in this place divided by the number of levels of this place that you've seen.
                   A       B       C       D       E      F
               +-------+-------+-------+-------+-------+----------------------
         Total | 100.0 | 100.0 |   4.0 |  36.0 |  49.6 | 670.7
       Dungeon | 100.0 | 100.0 |   4.0 |  36.0 |  49.6 | 670.7
               +-------+-------+-------+-------+-------+----------------------

Table legend:
 A = Kills in this place as a percentage of kills in entire the game.
 B = Kills by you in this place as a percentage of kills by you in the entire game.
 C = Kills by friends in this place as a percentage of kills by friends in the entire game.
 D = Other kills in this place as a percentage of other kills in the entire game.
 E = Experience gained in this place as a percentage of experience gained in the entire game.
 F = Experience gained in this place divided by the number of levels of this place that you have seen.
                   A       B       C       D       E      F
               +-------+-------+-------+-------+-------+----------------------
         Total | 100.0 | 100.0 |   N/A |   N/A | 100.0 |  51.3
       Dungeon | 100.0 | 100.0 |   N/A |   N/A | 100.0 |  51.3
               +-------+-------+-------+-------+-------+----------------------
